Map: [ESL] Gresvan

Players

ShoWTimE

  • Race: Protoss Protoss
  • Spawn Location: 11:00

Spirit - Winner!

  • Race: Terran Terran
  • Spawn Location: 5:00

Event: IEM Katowice 2023

VOD

Have the link to the VOD?

Description

Time

  • Played on: Feb. 10, 2023, 7:27 a.m.
  • Length: 13:17

All games in this series

Show
View Real Time Build Order
Export as new Build Order

ShoWTimE Protoss 

Build Orders: 1 Gate Expand, Oracle Opening 

Get SALT Encoding   

  12  0:00  Probe  
  13  0:12  Probe  
  14  0:17  Pylon  
  14  0:24  Probe  
  15  0:35  Gateway  
  15  0:36  Probe (Chrono Boost)  
  16  0:46  Assimilator, Probe (Chrono Boost)  
  17  0:51  Probe (Chrono Boost)  
  18  1:03  Probe  
  19  1:15  Probe  
  20  1:25  Cybernetics Core  
  20  1:33  Nexus  
  20  1:35  Probe  
  21  1:42  Pylon  
  21  1:48  Probe  
  21  1:50  Assimilator  
  22  1:59  Adept (Chrono Boost)  
  22  2:00  Probe  
  25  2:12  Probe  
  26  2:22  Stargate  
  26  2:23  Adept (Chrono Boost)  
  26  2:24  Probe  
  29  2:36  Warp Gate  
  29  2:37  Probe  
  30  2:45  Probe (Chrono Boost)  
  30  2:48  Shield Battery  
  30  2:50  Adept  
  34  2:53  Probe (Chrono Boost)  
  34  2:57  Probe (Chrono Boost)  
  35  3:03  Probe (Chrono Boost)  
  35  3:04  Probe (Chrono Boost)  
  37  3:05  Oracle (Chrono Boost)  
  37  3:11  Probe  
  41  3:13  Probe  
  41  3:18  Pylon  
  42  3:23  Probe  
  42  3:25  Probe  
  44  3:34  Gateway  
  44  3:35  Probe  
  44  3:36  Gateway  
  44  3:40  Probe  
  46  3:41  Oracle (Chrono Boost)  
  46  3:48  Pylon, Probe  
  50  3:52  Probe  
  51  4:00  Probe  
  52  4:04  Probe  
  52  4:05  Assimilator  
  53  4:12  Probe  
  53  4:14  Pylon  
  53  4:15  Phoenix  
  53  4:16  Probe  
  58  4:24  Probe  
  58  4:27  Nexus  
  58  4:28  Probe  
  58  4:31  Twilight Council  
  59  4:36  Probe  
  60  4:40  Probe  
  60  4:44  Adept x3  
  67  4:50  Shield Battery, Probe  
  67  4:52  Probe  
  69  4:53  Pylon  
  69  5:04  Charge (Chrono Boost)  
  69  5:05  Probe  
  70  5:11  Probe, Phoenix  
  73  5:14  Adept x2  
  73  5:17  Probe  
  73  5:20  Pylon  
  78  5:26  Gateway  
  78  5:30  Pylon  
  78  5:38  Probe, Phoenix  
  78  5:40  Gateway  
  81  5:44  Stalker x2  
  81  5:46  Stalker  
  81  5:47  Probe  
  81  5:48  Probe  
  89  5:50  Probe  
  90  5:57  Forge  
  90  6:00  Probe  
  90  6:01  Probe  
  90  6:02  Probe  
  91  6:12  Probe  
  91  6:13  Probe, Protoss Ground Armor Level 1 (Chrono Boost)  
  91  6:14  Robotics Facility  
  91  6:15  Probe  
  91  6:16  Zealot, Sentry  
  98  6:21  Zealot  
  98  6:22  Zealot  
  98  6:24  Probe  
  98  6:25  Probe  
  104  6:27  Probe  
  104  6:28  Pylon  
  105  6:38  Probe  
  105  6:39  Probe  
  107  6:40  Assimilator x2  
  107  6:42  Assimilator  
  107  6:46  Blink  
  107  6:48  Zealot x5  
  107  6:52  Pylon  
  117  7:10  Robotics Bay  
  117  7:12  Pylon, Observer  
  117  7:13  Pylon  
  118  7:16  Probe  
  118  7:18  Pylon, Probe x2  
  118  7:19  Zealot x2  
  118  7:20  Pylon  
  125  7:27  Pylon  
  125  7:29  Pylon  
  125  7:36  Gateway  
  126  7:37  Observer (Chrono Boost)  
  126  7:39  Zealot x3  
  126  7:40  Gateway  
  126  7:42  Zealot  
  126  7:43  Gateway  
  126  7:44  Zealot  
  136  7:46  Pylon  
  136  7:48  Protoss Ground Weapons Level 1 (Chrono Boost)  
  136  7:51  Pylon  
  136  7:53  Robotics Facility, Disruptor (Chrono Boost)  
  139  8:16  Zealot x5  
  151  8:28  Disruptor (Chrono Boost)  
  151  8:29  Probe  
  151  8:30  Pylon, Probe  
  151  8:31  Probe  
  151  8:35  Zealot x2  
  151  8:38  Zealot x2  
  159  8:42  Probe x2, Disruptor (Chrono Boost)  
  159  8:47  Probe  
  163  8:50  Zealot x4  
  163  8:54  Probe x2  
  173  8:59  Probe  
  174  9:08  Disruptor  
  167  9:26  Zealot x8  
  167  9:29  Nexus  
  167  9:30  Disruptor  
  184  9:34  Forge  
  184  9:41  Shield Battery, Photon Cannon  
  177  9:47  Zealot x8  
  177  9:49  Disruptor (Chrono Boost)  
  196  10:06  Disruptor (Chrono Boost)  
  184  10:11  Zealot x5  
  168  10:20  Zealot x3  
  152  10:22  Disruptor (Chrono Boost)  
  141  10:34  Disruptor (Chrono Boost)  
  144  10:45  Zealot  
  144  10:46  Zealot x4  
  149  10:51  Disruptor  
  152  10:59  Shield Battery  
  152  11:01  Shield Battery  
  152  11:05  Zealot  
  152  11:06  Zealot  
  152  11:07  Disruptor  
  157  11:17  Zealot x4  
  161  11:23  Zealot  
  161  11:24  Zealot  
  112  11:46  Dark Shrine  
  111  11:50  Sentry x3  
  111  11:51  Sentry  
  111  11:55  Nexus  
  111  11:59  Zealot x2  
  115  12:05  Zealot x2  
  119  12:21  Zealot x4  
  112  12:27  Zealot x2  
  84  12:44  Zealot x3  
  84  12:45  Zealot  
  92  12:56  Zealot  
  92  13:00  Zealot  
  93  13:09  Zealot  
Show
View Real Time Build Order
Export as new Build Order

Spirit Terran - Winner!

Build Orders:  

Get SALT Encoding   

  12  0:00  SCV  
  13  0:12  SCV  
  14  0:16  Supply Depot  
  14  0:24  SCV  
  15  0:38  SCV  
  15  0:39  Barracks  
  16  0:50  SCV  
  16  0:51  Refinery  
  17  1:02  SCV  
  18  1:05  Engineering Bay  
  18  1:14  SCV  
  19  1:26  Marine  
  19  1:27  Orbital Command  
  20  1:44  Command Center  
  20  1:48  Barracks Reactor  
  20  1:52  SCV  
  21  2:00  Supply Depot  
  21  2:05  SCV  
  22  2:12  Factory  
  22  2:17  SCV  
  22  2:19  Refinery  
  23  2:24  Marine x2  
  23  2:29  SCV  
  26  2:41  SCV  
  26  2:42  Marine x2  
  29  2:53  SCV  
  29  2:56  Widow Mine, Starport  
  32  2:58  Orbital Command  
  32  3:01  Marine  
  33  3:09  Marine  
  33  3:10  SCV  
  35  3:14  Bunker  
  35  3:18  Widow Mine  
  37  3:24  SCV  
  37  3:25  Supply Depot  
  38  3:28  SCV  
  41  3:36  SCV  
  41  3:38  Medivac  
  41  3:40  Factory Tech Lab, SCV  
  43  3:42  Supply Depot  
  43  3:44  Marine  
  43  3:46  Marine  
  45  3:49  SCV  
  45  3:52  SCV  
  47  4:01  Marine, SCV  
  49  4:03  Marine  
  49  4:04  SCV, Supply Depot  
  49  4:08  Siege Tank  
  54  4:11  Liberator  
  54  4:13  SCV  
  54  4:16  SCV  
  59  4:19  Marine  
  59  4:22  Supply Depot  
  59  4:23  Marine  
  61  4:25  SCV  
  61  4:28  SCV  
  63  4:34  Supply Depot  
  63  4:37  Marine, SCV  
  65  4:40  SCV  
  65  4:49  Marine, SCV  
  65  4:52  Cyclone  
  70  4:55  Marine  
  70  4:58  SCV, Supply Depot  
  72  5:02  SCV  
  72  5:03  Viking  
  75  5:07  Marine  
  75  5:09  Supply Depot  
  75  5:10  SCV  
  75  5:13  Marine  
  75  5:14  Barracks  
  78  5:16  Barracks  
  78  5:17  SCV  
  79  5:22  Engineering Bay  
  79  5:23  Refinery  
  79  5:24  Marine  
  79  5:25  SCV, Refinery  
  81  5:29  SCV  
  81  5:30  Marine  
  81  5:34  Supply Depot  
  83  5:36  Viking  
  85  5:45  SCV  
  85  5:48  Barracks  
  85  5:49  Barracks  
  86  5:50  Terran Infantry Weapons Level 1  
  86  5:52  Marine, SCV  
  85  6:02  Marine, SCV  
  87  6:06  Viking  
  87  6:11  Marine, Barracks Tech Lab x2  
  85  6:15  SCV  
  88  6:18  SCV  
  88  6:20  Marine, Command Center  
  87  6:27  SCV  
  87  6:30  Stimpack, Combat Shield  
  87  6:31  SCV  
  87  6:32  Missile Turret  
  89  6:39  Barracks Reactor x2  
  90  6:40  Barracks Tech Lab, SCV  
  90  6:41  Starport Reactor  
  90  6:45  SCV  
  90  6:46  Marine, Marauder x2  
  96  6:47  Marine  
  96  6:53  Supply Depot  
  97  6:55  Siege Tank  
  97  7:00  Marine  
  101  7:03  Marine  
  101  7:05  Marine  
  101  7:07  Marine x2, Supply Depot  
  105  7:11  Concussive Shells  
  105  7:15  Supply Depot  
  105  7:17  Marine  
  105  7:19  Marine x2  
  105  7:20  Medivac  
  105  7:21  Marine  
  111  7:25  Marauder  
  111  7:26  Medivac  
  111  7:29  Marine, Marauder  
  118  7:30  Supply Depot  
  118  7:33  SCV x2  
  118  7:36  Marauder  
  122  7:37  Marine x2  
  122  7:39  Marine  
  122  7:42  Siege Tank  
  128  7:46  Marine  
  128  7:47  Marauder  
  128  7:50  Marauder  
  133  7:52  Terran Infantry Armor Level 1  
  133  7:54  Orbital Command  
  133  7:55  Marine  
  133  7:57  Marauder  
  133  7:58  Marine, SCV  
  137  8:05  Marine  
  138  8:08  Marauder  
  141  8:14  SCV  
  141  8:15  Marine  
  141  8:16  Marauder  
  141  8:17  Marine  
  141  8:18  Marine x2  
  148  8:23  Marine  
  149  8:27  Ghost Academy  
  149  8:29  Marine, Siege Tank  
  149  8:30  Supply Depot  
  149  8:31  SCV  
  149  8:33  Marine  
  155  8:35  Marine x2  
  155  8:38  Marauder  
  157  8:44  Marine  
  157  8:47  Marine, Medivac, Marauder  
  157  8:48  SCV  
  161  8:51  Marine  
  161  8:53  Marine x2  
  161  8:54  SCV x2  
  161  8:57  Supply Depot  
  161  8:58  Supply Depot  
  161  9:00  Marauder  
  161  9:01  Marine, Siege Tank  
  167  9:04  SCV  
  167  9:06  Marauder  
  167  9:07  Marine, SCV  
  167  9:09  Marine  
  173  9:18  Marine x2, SCV  
  173  9:19  Marine  
  173  9:20  Ghost  
  173  9:21  SCV  
  180  9:26  Marine, Medivac, Marauder  
  180  9:27  Marauder  
  180  9:30  SCV  
  188  9:33  SCV  
  188  9:35  Supply Depot  
  189  9:51  Marine  
  189  9:52  Marine  
  189  9:53  Marine, SCV  
  189  9:55  Marine  
  189  9:56  Medivac x2, Marauder  
  189  9:57  Marauder  
  197  10:01  Siege Tank  
  197  10:04  Marauder  
  194  10:09  Marine  
  194  10:10  Marine  
  194  10:11  Marine  
  183  10:18  Marauder  
  172  10:22  Marine  
  172  10:23  Marine  
  172  10:24  Marine  
  172  10:26  Medivac x2  
  172  10:27  Marine  
  168  10:33  Marine  
  152  10:36  Marine  
  152  10:39  Marine  
  142  10:45  Marine  
  138  10:51  Marine  
  138  10:54  Marine  
  138  10:56  Medivac x2  
  93  10:57  Orbital Command  
  139  10:59  Marine  
  139  11:02  Marine  
  138  11:12  Marine  
  138  11:18  Marine x2  
  138  11:28  Marine  
  127  11:59  Marine x4  
  115  12:25  Marine  
  113  12:31  Marine x6  
  119  12:38  Orbital Command  
  119  12:43  Marine  

Tags
 
Add a new tag
Caveats
  • Supply blocks, unpowered buildings, or Contaminate may cause inaccurate times.
  • Supply counts are checked every 10 seconds.